 Dungeon Crawl Stone Soup version 0.22.0-49-gab54619 (webtiles) character file.

536 suicidejoker the Covered (level 7, -13/66 HPs)
             Began as a Deep Dwarf Fighter on Sept 8, 2018.
             Mangled by an ogre
             ... wielding a +0 giant club
              (15 damage)
             ... on level 4 of the Dungeon.
             The game lasted 00:11:23 (1871 turns).

suicidejoker the Covered (Deep Dwarf Fighter)       Turns: 1871, Time: 00:11:23

Health: -13/66     AC:  7    Str: 21    XL:     7   Next: 4%
Magic:  0/7        EV:  9    Int: 11    God:
Gold:   225        SH:  0    Dex: 12    Spells: 6/6 levels left

rFire    . . .     SeeInvis .   d - +4 dire flail (crush)
rCold    . . .     Gourm    .   (shield currently unavailable)
rNeg     . . .     Faith    .   b - +0 scale mail
rPois    .         Spirit   +   (no helmet)
rElec    .         Reflect  .   g - scarf {Spirit}
rCorr    .         Harm     .   (no gloves)
MR       +....                  (no boots)
Stlth    ..........             (no amulet)
HPRegen  0.00/turn              (no ring)
MPRegen  0.10/turn              (no ring)

@: non-regenerating
A: damage resistance, heal wounds, hooves 1, clever 1, sense surroundings 1, no
regeneration
a: Heal Wounds


You were on level 4 of the Dungeon.
You were not hungry.

You visited 1 branch of the dungeon, and saw 4 of its levels.

You collected 225 gold pieces.

Inventory:

Hand Weapons
 a - a +0 war axe
 d - a +4 dire flail of crushing (weapon)
 h - a +1 dagger of flaming
 k - a +2 hand axe of freezing
Armour
 b - a +0 scale mail (worn)
 c - a +0 shield
 g - a scarf of spirit shield (worn)
Scrolls
 e - 4 scrolls of identify {unknown}
 j - a scroll of fog {unknown}
 m - 2 scrolls of remove curse {unknown}
 n - 2 scrolls of fear {unknown}
Potions
 l - a potion of flight
Comestibles
 f - 7 rations
 i - a chunk of flesh


   Skills:
 * Level 4.7 Fighting
 - Level 4.3(4.6) Axes
 * Level 2.1(3.3) Maces & Flails
 + Level 4.7 Armour
 + Level 4.6 Shields


You had 6 spell levels left.
You didn't know any spells.
Your spell library contained the following spells:

 Spells                   Type           Power        Failure   Level  Hunger
 Animate Skeleton         Necr           N/A          67%         1    ##.....
 Apportation              Tloc           #.....       67%         1    ##.....
 Confusing Touch          Hex            #.....       67%         1    ##.....
 Summon Small Mammal      Summ           #...         67%         1    ##.....


Dungeon Overview and Level Annotations

Branches:
Dungeon (4/15)
 Temple: D:4-7

Altars:
Okawaru


Innate Abilities, Weirdness & Mutations

You are resistant to damage.
You can heal yourself by infusing magical energy.
You passively map a small area around you.
You do not regenerate.
You have large cloven feet.
Your mind is acute. (Int +2)


Message History

Steeltoe's ghost is almost destroyed.
Steeltoe's ghost hits you.
You puncture Steeltoe's ghost!
You destroy Steeltoe's ghost!
Your base Maces & Flails skill gained 2 levels and is now at level 2!
You have reached level 7!
There is an open door here.
f - 7 rations (gained 1)
There is an open door here.
An ogre comes into view. It is wielding a giant club.
The ogre shouts!
A worker ant comes into view.
The worker ant twitches its antennae in your direction.
Found a leather armour.
The ogre hits you with a giant club!!
* * * LOW HITPOINT WARNING * * *
You barely miss the ogre. You kick the ogre.
The ogre is lightly wounded.
The ogre hits you with a giant club!
You die...

. +.†...........+.# ,
...#...###.......#..
..................#.. *
,.................####..#
.................# #### ,
.................####..#
*
[....##...............#*
.....##O..#...##......#
#....a.@###...##......##
#.........#............#
*
..........#.#####.......
..!.......###P8P#....###
..#####...###...#....###
. ......##..##'##.......
* ......##......###.....
, .......##......# #....(
,.......##......# #.....


You could see an ogre and a worker ant.

Vanquished Creatures
  The ghost of Steeltoe the Spear-Bearer, an amateur HOMo (D:4)
  Edmund (D:4)
  A hound (D:4)
  Terence (D:3)
  2 adders
  6 oozes
  2 adder skeletons (D:4)
  3 worms
  2 dart slugs
  A leopard gecko (D:1)
  An orc (D:3)
  A ball python (D:1)
  6 giant cockroaches
  15 goblins
  9 hobgoblins
  10 jackals
  10 kobolds
  2 quokkas (D:3)
  7 bats
  5 frilled lizards
  A leopard gecko skeleton (D:4)
  7 rats
  A fungus (D:1)
95 creatures vanquished.

Notes
Turn   | Place    | Note
-------+----------+-------------------------------------------
     0 | D:1      | suicidejoker the Deep Dwarf Fighter began the quest for the
                  | Orb.
     0 | D:1      | Reached XP level 1. HP: 20/20 MP: 1/1
    59 | D:1      | Reached XP level 2. HP: 27/27 MP: 2/2
   204 | D:1      | Reached XP level 3. HP: 29/34 MP: 0/3
   778 | D:2      | Reached XP level 4. HP: 16/42 MP: 0/4
   919 | D:2      | Found an iron altar of Okawaru.
  1323 | D:3      | Noticed Terence
  1333 | D:3      | Killed Terence
  1368 | D:3      | Reached XP level 5. HP: 19/50 MP: 0/5
  1648 | D:4      | Noticed Edmund
  1662 | D:4      | Gained mutation: You have large cloven feet. [potion of
                  | mutation]
  1662 | D:4      | Gained mutation: Your mind is acute. (Int +2) [potion of
                  | mutation]
  1688 | D:4      | Killed Edmund
  1688 | D:4      | Reached XP level 6. HP: 19/57 MP: 1/6
  1838 | D:4      | Found a runed door.
  1838 | D:4      | Noticed Steeltoe's ghost (amateur HOMo)
  1857 | D:4      | Killed Steeltoe's ghost
  1857 | D:4      | Reached XP level 7. HP: 30/66 MP: 1/7
  1870 | D:4      | HP: 2/66 [ogre/giant club (28)]
  1871 | D:4      | Mangled by an ogre

Skill      XL: |  1  2  3  4  5  6 |
---------------+-------------------+-----
Fighting       | 3 4 |  4.7
Axes           | 3 4 |  4.3
Armour         | 4 |  4.7
Shields        | 4 |  4.6
Maces & Flails | 2 |  2.1

Action                   |  1- 3 |  4- 6 |  7- 9 || total
-------------------------+-------+-------+-------++-------
Melee: War axe           |    57 |       |       ||    57
       Dagger            |   109 |   146 |       ||   255
       Kick              |       |    20 |     1 ||    21
       Dire flail        |       |    28 |     1 ||    29
 Abil: Heal Wounds       |       |     1 |       ||     1
  Use: Potion            |       |     9 |       ||     9
  Eat: Chunk             |       |     4 |       ||     4
Armor: Scale mail        |    52 |    53 |       ||   105
Dodge: Dodged            |    46 |    47 |       ||    93
Block: Shield            |    72 |    73 |       ||   145
